 Dungeon Crawl Stone Soup version 0.29-a0-352-g0917bc69df (webtiles) character file.

Game seed: 7749144650448932516

156 quokkamancerX the Slasher (level 5, -5/43 HPs)
             Began as a Merfolk Gladiator on Apr 24, 2022.
             Killed by nerve-wracking pain
             ... invoked by Grinder
              (6 damage)
             ... while paralysed by Grinder
             ... on level 4 of the Dungeon.
             The game lasted 00:12:04 (3155 turns).

quokkamancerX the Slasher (Merfolk Gladiator)       Turns: 3155, Time: 00:12:05

Health: -5/43      AC:  3    Str: 15    XL:     5   Next: 38%
Magic:  5/5        EV:  2    Int:  7    God:
Gold:   73         SH:  0    Dex: 17    Spells: 4/4 levels left

rFire   + . .      SeeInvis .   a - +0 long sword
rCold   + . .      Faith    .   (no shield)
rNeg    . . .      Spirit   .   k - +0 ring mail
rPois   .          Reflect  .   c - +0 helmet
rElec   .          Harm     .   f - +0 cloak
rCorr   .          Rampage  .   (no gloves)
Will    .....                   (no boots)
Stlth   +.........              (no amulet)
HPRegen 0.14/turn               g - ring of protection from cold
MPRegen 0.09/turn               j - ring of protection from fire

@: paralysed, corroded
A: (nimble swimmer 2), mertail
a: no special abilities


You were on level 4 of the Dungeon.
You visited 1 branch of the dungeon, and saw 4 of its levels.

You collected 73 gold pieces.

Inventory:

Hand Weapons
 a - a +0 long sword (weapon)
Missiles
 d - a throwing net (quivered)
 e - a javelin
 t - 3 poisoned darts
Armour
 c - a +0 helmet (worn)
 f - a +0 cloak (worn)
 k - a +0 ring mail (worn)
Jewellery
 g - a ring of protection from cold (left hand)
 j - a ring of protection from fire (right hand)
 m - a ring of resist corrosion
Scrolls
 b - a scroll of noise {unknown}
 h - a scroll of vulnerability {unknown}
 i - a scroll of amnesia {unknown}
 o - 2 scrolls of teleportation {unknown}
 q - a scroll of silence {unknown}
 s - a scroll of torment {unknown}
 u - a scroll of fog {unknown}
Potions
 l - a potion of degeneration {unknown}
 n - 3 potions of attraction {unknown}
 p - a potion of flight {unknown}
 r - a potion of berserk rage {unknown}


   Skills:
 + Level 4.4 Fighting
 + Level 5.6 Long Blades
 - Level 2.0 Throwing
 - Level 4.0 Dodging


You had 4 spell levels left.
You didn't know any spells.
Your spell library contained the following spells:

 Spells                   Type           Power      Damage    Failure   Level
 Ensorcelled Hibernation  Hex/Ice        0%         N/A       80%         2
 Passwall                 Tmut/Erth      0%         N/A       80%         2
 Swiftness                Air            0%         N/A       95%         3
 Passage of Golubria      Tloc           0%         N/A       100%        4
 Silence                  Hex/Air        0%         N/A       100%        5
 Lehudib's Crystal Spear  Conj/Erth      0%         10d2      100%        8


Dungeon Overview and Level Annotations

Branches:
Dungeon (4/15)
 Temple: D:4-7

Altars:

Shops:
D:1 [=*(=   D:2 (

Annotations:
D:4 Grinder, Ijyb


Innate Abilities, Weirdness & Mutations

((You are very nimble when in or above water. (Stealth+, EV+, Speed+++)))
Your lower body shifts to a powerful aquatic tail in water.


Message History

HP restored.
You see here the +8 whip of the Bashing Gods {venom, Str+4}.
Grinder comes into view.
Ijyb shouts!
Grinder shouts!
Ijyb screams, "Level is mine!
All mine!"
Throw: 3 throwing nets
Press: ? - help, Q - select action, (/) - cycle Shift-Dir - straight line, f - Grinder
Aim: Grinder (60% to hit)
You throw a throwing net. The throwing net hits Grinder.
Grinder is caught in the net!
Grinder blinks!
Throw: 2 throwing nets
Press: ? - help, Q - select action, (/) - cycle Shift-Dir - straight line, f/p - Grinder
Aim: Grinder (60% to hit)
You throw a throwing net. The throwing net barely misses Grinder.
Ijyb zaps a wand.
The bolt of acid hits you!!
Ouch! That really hurt!
The acid corrodes you!
You hit Grinder.
Grinder is lightly wounded.
Grinder says, "At least Makhleb appreciates what I'm doing."
Grinder misses you.
You closely miss Grinder.
Grinder is lightly wounded.
Grinder gestures at you.
You suddenly lose the ability to move!
Grinder hits you!
* * * LOW HITPOINT WARNING * * *
Ijyb hits you but does no damage. Grinder gestures at you.
Pain shoots through your body!
* * * LOW HITPOINT WARNING * * *
Ijyb zaps a wand.
The bolt of acid hits you!
* * * LOW HITPOINT WARNING * * *
Grinder hits you but does no damage. Ijyb hits you with a +0 dagger.
* * * LOW HITPOINT WARNING * * *
Grinder gestures at you. Pain shoots through your body!
You die...

#######.# #..
......g.# #.#.#
##### .<# # #.#.#.
..#.. ..o..o..##.
#.#.#.###.#.#
............
#.#.#...#.#.#
###o###.##...
#(#.###.#.#.# ..
#....#.#...)...#.#
...
.......g........>#
..#
.##.#.@5.....(..#
### ..#
#.#####...#.# #..
#.. ###.#.# #.#
##. #.#.# #.# #.
#.#.# #.# #. #.#.#
#.# +. #.#.# #.#
#. #.#†# #.#
#######.#.# #.#


You could see Grinder and Ijyb.

Vanquished Creatures
  An orc priest (D:3)
  6 adders
  An ufetubus (D:3)
  A worm (D:3)
  3 dart slugs
  5 orcs (D:3)
  5 endoplasms
  5 giant cockroaches
  7 goblins
  A hobgoblin (D:2)
  2 quokkas
  4 ball pythons
  7 bats
  A frilled lizard (D:1)
  6 kobolds
  3 rats
58 creatures vanquished.

Vanquished Creatures (others)
  A plant (D:2)
1 creature vanquished.

Grand Total: 59 creatures vanquished

Notes
Turn   | Place    | Note
-------+----------+-------------------------------------------
     0 | D:1      | quokkamancerX the Merfolk Gladiator began the quest for the
                  | Orb.
     0 | D:1      | Reached XP level 1. HP: 16/16 MP: 1/1
    46 | D:1      | Found Tuwkon's Armour Emporium.
   114 | D:1      | Reached XP level 2. HP: 23/23 MP: 2/2
   114 | D:1      | Found Ujijowk's Assorted Antiques.
   121 | D:1      | Reached skill level 4 in Long Blades
   158 | D:1      | Found Ekligoa's Jewellery Boutique.
   184 | D:1      | Found Qyttyves's Antique Weapon Boutique.
   501 | D:1      | Found Riqu's Jewellery Shoppe.
   617 | D:1      | Reached XP level 3. HP: 26/29 MP: 3/3
   878 | D:2      | Found Ypetaibo's Antique Weapon Shoppe.
  1223 | D:2      | Found a faded altar of an unknown god.
  1738 | D:3      | Reached XP level 4. HP: 34/35 MP: 4/4
  2372 | D:3      | Reached skill level 5 in Long Blades
  2824 | D:3      | Reached XP level 5. HP: 42/42 MP: 5/5
  2903 | D:4      | Noticed Ijyb
  3143 | D:4      | Identified the +8 whip of the Bashing Gods {venom, Str+4}
  3147 | D:4      | Noticed Grinder
  3151 | D:4      | Paralysed by Grinder for 7 turns
  3154 | D:4      | HP: 2/43 [Ijyb/bolt of acid (7)]
  3155 | D:4      | Killed from afar by Grinder

Illustrated notes

Levels and vault maps discovered:
D:1:      zelgadis_glass_arrival_small, layout_basic, serial_shops, shop,
          nicolae_shop_competitors_out_of_business, shop,
          nicolae_shop_advertising_works [nicolae_subvault_shop_adworks],
          nicolae_shop_competitors_out_of_business, minmay_pentomino_x4
D:2:      layout_basic, shapermc_ecumenical_altar_flowoftime, serial_shops,
          shop, hangedman_decor_diamond_cutter, chequers_serial_rivers_marsh
D:3:      layout_basic
D:4:      layout_basic, kennysheep_flooded_box, uniq_ijyb, uniq_grinder,
          uniq_menkaure

Skill      XL: |  1  2  3  4 |
---------------+-------------+-----
Long Blades    | 4 5 |  5.6
Fighting       | 3 4 |  4.4
Throwing       | |  2.0
Dodging        | |  4.0

Action                   |  1- 3 |  4- 6 || total
-------------------------+-------+-------++-------
Melee: Long sword        |    75 |    98 ||   173
       Punch             |       |     3 ||     3
Throw: Throwing net      |     1 |     2 ||     3
       Javelin           |       |     1 ||     1
Armor: Leather armour    |    13 |       ||    13
       Ring mail         |    15 |    55 ||    70
Dodge: Dodged            |    64 |    78 ||   142

Table legend: (Time is in decaauts)
 A = Elapsed time spent in this place.
 B = Non-inter-level travel time spent in this place.
 C = Inter-level travel time spent in this place.
 D = Time resting spent in this place.
 E = Time spent auto-exploring this place.
 F = Levels seen in this place.
 G = Mean time per level.
                   A        B        C        D        E       F      G
               +--------+--------+--------+--------+--------+-----+--------+
         Total |   3177 |   3036 |    141 |    666 |   1005 |   4 |  794.2 |
       Dungeon |   3177 |   3036 |    141 |    666 |   1005 |   4 |  794.2 |
               +--------+--------+--------+--------+--------+-----+--------+

Top non-repeatable levels by time:
     D:3: 1328 daAuts
     D:1: 886 daAuts
     D:2: 824 daAuts
     D:4: 138 daAuts
